TOP OF THE 1ST |
Houston Colt .45's batting - Pitching for Portland Angels : RHP Marcell Luciano
|
Pitching: RHP Marcell Luciano
|
|
Batting: RHB Bill Borden
|
0-0: Swinging Strike 0-1: Swinging Strike 0-2: Fly out, F7 (Flyball, 78D, EV 91.9 MPH)
|
Batting: LHB Bert Middleton
|
0-0: Ball 1-0: Ball 2-0: Ball 3-0: Called Strike 3-1: Called Strike 3-2: Base on Balls
|
Batting: RHB Josh Reisner
|
0-0: Foul Ball, location: 2F 0-1: Swinging Strike 0-2: Foul Ball, location: 2F 0-2: Ball 1-2: Ball 2-2: Strikes out swinging
|
Batting: LHB Vecdi Hodensack
|
0-0: Called Strike 0-1: Swinging Strike 0-2: Strikes out swinging
|
Top of the 1st over - 0 runs, 0 hits, 0 errors, 1 left on base; Houston 0 - Portland 0 |
BOTTOM OF THE 1ST |
Portland Angels batting - Pitching for Houston Colt .45's : LHP Manny Gonzales
|
Pitching: LHP Manny Gonzales
|
|
Batting: RHB Scott Webb
|
0-0: Ball 1-0: Foul Ball, location: 2F 1-1: Swinging Strike 1-2: Strikes out looking
|
Batting: RHB Fernando Sosa
|
0-0: Foul Ball, location: 2F 0-1: Ball 1-1: Swinging Strike 1-2: Strikes out looking
|
Batting: LHB Pavla Markianov
|
0-0: Ball 1-0: Fly out, F8 (Line Drive, 8LM, EV 86.9 MPH)
|
Bottom of the 1st over - 0 runs, 0 hits, 0 errors, 0 left on base; Houston 0 - Portland 0 |
TOP OF THE 2ND |
Houston Colt .45's batting - Pitching for Portland Angels : RHP Marcell Luciano
|
Batting: RHB Jamie Walker
|
0-0: Ball 1-0: Foul Ball, location: 2F 1-1: Fly out, F7 (Line Drive, 7, EV 95.6 MPH)
|
Batting: RHB Tim Williams
|
0-0: Ball 1-0: Swinging Strike 1-1: Ball 2-1: Foul Ball, location: 2F 2-2: Ball 3-2: Ground out 5-3 (Groundball, 5S, EV 87.5 MPH)
|
Batting: RHB Fernando Acosta
|
0-0: Called Strike 0-1: Fly out, F8 (Flyball, 8RM, EV 82.5 MPH)
|
Top of the 2nd over - 0 runs, 0 hits, 0 errors, 0 left on base; Houston 0 - Portland 0 |
BOTTOM OF THE 2ND |
Portland Angels batting - Pitching for Houston Colt .45's : LHP Manny Gonzales
|
Batting: RHB Alex Rosaly
|
0-0: Ball 1-0: Ball 2-0: Called Strike 2-1: Ball 3-1: Base on Balls
|
Batting: RHB Mario Martinez
|
Pickoff Throw to First - Out! 1-3 CS 0-0: Called Strike 0-1: Swinging Strike 0-2: Strikes out swinging
|
Batting: RHB Jose Garduno
|
0-0: Ball 1-0: Reached via error on a dropped throw from 3B, E3 (Groundball, 56, EV 90.6 MPH)
|
Batting: RHB Dan Contreras
|
0-0: Foul Ball, location: 2F 0-1: Fielders Choice at 2nd, 6-4 (Groundball, 6, EV 86.2 MPH)
|
Bottom of the 2nd over - 0 runs, 0 hits, 1 error, 1 left on base; Houston 0 - Portland 0 |
TOP OF THE 3RD |
Houston Colt .45's batting - Pitching for Portland Angels : RHP Marcell Luciano
|
Batting: RHB To-wai Chen
|
0-0: Ball 1-0: Called Strike 1-1: Foul Ball, location: 2F 1-2: Ground out 6-3 (Groundball, 56, EV 106.9 MPH)
|
Batting: RHB Kenny Beall
|
0-0: Foul Ball, location: 2F 0-1: Fly out, F7 (Flyball, 7, EV 83.1 MPH)
|
Batting: RHB Bill Borden
|
0-0: Called Strike 0-1: Ball 1-1: Foul Ball, location: 2F 1-2: Strikes out swinging
|
Top of the 3rd over - 0 runs, 0 hits, 0 errors, 0 left on base; Houston 0 - Portland 0 |
BOTTOM OF THE 3RD |
Portland Angels batting - Pitching for Houston Colt .45's : LHP Manny Gonzales
|
Batting: LHB Lourens Aukema
|
0-0: Called Strike 0-1: Called Strike 0-2: Foul Ball, location: 2F 0-2: Ball 1-2: Foul Ball, location: 2F 1-2: Strikes out swinging
|
Batting: LHB David Coatney
|
0-0: Swinging Strike 0-1: Ball 1-1: Foul Ball, location: 2F 1-2: Ball 2-2: Ball 3-2: Base on Balls
|
Batting: RHB Scott Webb
|
0-0: Ball 1-0: Swinging Strike 1-1: Foul Ball, location: 2F 1-2: Ground out 5-3 (Groundball, 56, EV 98.1 MPH) David Coatney to second
|
Batting: RHB Fernando Sosa
|
0-0: Ball 1-0: Fly out, F9 (Flyball, 89S, EV 86.2 MPH)
|
Bottom of the 3rd over - 0 runs, 0 hits, 0 errors, 1 left on base; Houston 0 - Portland 0 |
TOP OF THE 4TH |
Houston Colt .45's batting - Pitching for Portland Angels : RHP Marcell Luciano
|
Batting: LHB Bert Middleton
|
0-0: Called Strike 0-1: Foul Ball, location: 2F 0-2: Foul Ball, location: 2F 0-2: DOUBLE (Line Drive, 9LS, EV 97.5 MPH)
|
Batting: RHB Josh Reisner
|
0-0: Ball 1-0: Ball 2-0: Called Strike 2-1: Foul Ball, location: 2F 2-2: Strikes out swinging
|
Batting: LHB Vecdi Hodensack
|
0-0: Called Strike 0-1: Ball 1-1: Ball 2-1: Foul Ball, location: 2F 2-2: Fly out, F7 (Flyball, 7, EV 76.2 MPH)
|
Batting: RHB Jamie Walker
|
0-0: Called Strike 0-1: Ball 1-1: Foul Ball, location: 2F 1-2: Ball 2-2: Fly out, F8 (Flyball, 8LD, EV 86.9 MPH)
|
Top of the 4th over - 0 runs, 1 hit, 0 errors, 1 left on base; Houston 0 - Portland 0 |
BOTTOM OF THE 4TH |
Portland Angels batting - Pitching for Houston Colt .45's : LHP Manny Gonzales
|
Batting: LHB Pavla Markianov
|
0-0: Ball 1-0: Foul Ball, location: 2F 1-1: Ball 2-1: Called Strike 2-2: Ball 3-2: Foul Ball, location: 2F 3-2: Foul Ball, location: 2F 3-2: TRIPLE (Flyball, 78XD, EV 91.9 MPH)
|
Batting: RHB Alex Rosaly
|
0-0: Ball 1-0: Ball 2-0: Called Strike 2-1: Foul Ball, location: 2F 2-2: Ground out 6-3 (Groundball, 6, EV 83.8 MPH) Pavla Markianov scores
|
Batting: RHB Mario Martinez
|
0-0: Called Strike 0-1: Ball 1-1: Foul Ball, location: 2F 1-2: Strikes out swinging
|
Batting: RHB Jose Garduno
|
0-0: Ball 1-0: Ball 2-0: Ball 3-0: Called Strike 3-1: Swinging Strike 3-2: Fly out, F7 (Flyball, 7, EV 95.6 MPH)
|
Bottom of the 4th over - 1 run, 1 hit, 0 errors, 0 left on base; Houston 0 - Portland 1 |
TOP OF THE 5TH |
Houston Colt .45's batting - Pitching for Portland Angels : RHP Marcell Luciano
|
Batting: RHB Tim Williams
|
0-0: Swinging Strike 0-1: Foul Ball, location: 2F 0-2: Ball 1-2: SOLO HOME RUN (Flyball, 9LD, EV 94.4 MPH), Distance : 351 ft
|
Batting: RHB Fernando Acosta
|
0-0: Ball 1-0: Fly out, F8 (Flyball, 8RD, EV 108.1 MPH)
|
Batting: RHB To-wai Chen
|
0-0: Foul Ball, location: 2F 0-1: Ball 1-1: Bunted foul 1-2: SINGLE (Line Drive, 5D, EV 102.5 MPH)
|
Batting: RHB Kenny Beall
|
0-0: Called Strike 0-1: Foul Ball, location: 2F 0-2: Ball 1-2: DOUBLE (Flyball, 8RXD, EV 111.2 MPH) To-wai Chen to third
|
Batting: RHB Bill Borden
|
0-0: Ball 1-0: Called Strike 1-1: Called Strike 1-2: Ball 2-2: Foul Ball, location: 2F 2-2: Strikes out swinging
|
Pitching: LHP Jon Ray
|
|
Batting: LHB Bert Middleton
|
0-0: Swinging Strike 0-1: Swinging Strike 0-2: Strikes out swinging
|
Top of the 5th over - 1 run, 3 hits, 0 errors, 2 left on base; Houston 1 - Portland 1 |
BOTTOM OF THE 5TH |
Portland Angels batting - Pitching for Houston Colt .45's : LHP Manny Gonzales
|
Batting: RHB Dan Contreras
|
0-0: Foul Ball, location: 2F 0-1: Fly out, F7 (Flyball, 7LS, EV 91.9 MPH)
|
Batting: LHB Lourens Aukema
|
0-0: Called Strike 0-1: Called Strike 0-2: Ball 1-2: Strikes out swinging
|
Batting: LHB David Coatney
|
0-0: Foul Ball, location: 2F 0-1: Called Strike 0-2: Ball 1-2: Strikes out looking
|
Bottom of the 5th over - 0 runs, 0 hits, 0 errors, 0 left on base; Houston 1 - Portland 1 |
TOP OF THE 6TH |
Houston Colt .45's batting - Pitching for Portland Angels : LHP Jon Ray
|
Batting: RHB Josh Reisner
|
0-0: Called Strike 0-1: Hit by Pitch
|
Batting: LHB Vecdi Hodensack
|
0-0: Ball 1-0: Fly out, F9 (Line Drive, 9LM, EV 93.8 MPH)
|
Batting: RHB Jamie Walker
|
0-0: Called Strike 0-1: Ball 1-1: Called Strike 1-2: Ball 2-2: Foul Ball, location: 2F 2-2: Strikes out swinging
|
Batting: RHB Tim Williams
|
Balk! Josh Reisner to second 0-0: Ball 1-0: Called Strike 1-1: SINGLE (Line Drive, 9LS, EV 96.9 MPH) Josh Reisner to third Runner from 3rd tries for Home, SAFE, throw by RF to home
|
Batting: RHB Fernando Acosta
|
0-0: Called Strike 0-1: Ball 1-1: Ball 2-1: Ball 3-1: Called Strike 3-2: Strikes out looking
|
Top of the 6th over - 1 run, 1 hit, 0 errors, 1 left on base; Houston 2 - Portland 1 |
BOTTOM OF THE 6TH |
Portland Angels batting - Pitching for Houston Colt .45's : LHP Manny Gonzales
|
Batting: RHB Scott Webb
|
0-0: Foul Ball, location: 2F 0-1: Foul Ball, location: 2F 0-2: SINGLE (Line Drive, 7S, EV 97.5 MPH)
|
Batting: RHB Fernando Sosa
|
|
Pinch Hitting: RHB Shawn Jansen
|
0-0: Ball Pickoff Throw to First - Out! 1-3 CS 1-0: Ball 2-0: Ball 3-0: Base on Balls
|
Pitching: LHP Jordan Garcia
|
|
Batting: LHB Pavla Markianov
|
0-0: Called Strike 0-1: Foul Ball, location: 2F 0-2: Foul Ball, location: 2F 0-2: Ball 1-2: Ball 2-2: Fielders Choice at 2nd, 1-6 (Groundball, 34S, EV 69.4 MPH)
|
Batting: RHB Alex Rosaly
|
0-0: Ball 1-0: Called Strike 1-1: Ball 2-1: Ball 3-1: Ground out U3 (Groundball, 3, EV 108.8 MPH)
|
Bottom of the 6th over - 0 runs, 1 hit, 0 errors, 1 left on base; Houston 2 - Portland 1 |
TOP OF THE 7TH |
Houston Colt .45's batting - Pitching for Portland Angels : LHP Jon Ray
|
Now at 3B: Shawn Jansen
|
|
Now at SS: Mario Martinez
|
|
Batting: RHB To-wai Chen
|
0-0: Called Strike 0-1: Foul Ball, location: 2F 0-2: Ball 1-2: Ball 2-2: Foul Ball, location: 2F 2-2: Foul Ball, location: 2F 2-2: Foul Ball, location: 2F 2-2: SINGLE (Groundball, 23, EV 69.4 MPH) (infield hit)
|
Batting: RHB Kenny Beall
|
0-0: Ball 1-0: Ball 2-0: Foul Ball, location: 2F 2-1: Ball 3-1: Called Strike 3-2: Fly out, F8 (Flyball, 8RS, EV 86.2 MPH)
|
Batting: RHB Bill Borden
|
0-0: Swinging Strike 0-1: Foul Ball, location: 2F 0-2: Strikes out swinging
|
Batting: LHB Bert Middleton
|
0-0: Swinging Strike 0-1: Ball 1-1: Swinging Strike 1-2: Strikes out looking
|
Top of the 7th over - 0 runs, 1 hit, 0 errors, 1 left on base; Houston 2 - Portland 1 |
BOTTOM OF THE 7TH |
Portland Angels batting - Pitching for Houston Colt .45's : LHP Jordan Garcia
|
Batting: RHB Mario Martinez
|
0-0: Ball 1-0: Foul Ball, location: 2F 1-1: Ball 2-1: DOUBLE (Line Drive, 9LD, EV 113.1 MPH)
|
Batting: RHB Jose Garduno
|
0-0: Ball 1-0: Foul Ball, location: 2F 1-1: Ball 2-1: Foul Ball, location: 2F 2-2: Foul Ball, location: 2F 2-2: Ball 3-2: Ground out U3 (Groundball, 3, EV 91.9 MPH) Mario Martinez to third
|
Pitching: RHP Rory Mozer
|
|
Pinch Hitting: SHB Cesar Carrasquillo
|
0-0: Ball Wild Pitch! Mario Martinez scores 1-0: Called Strike 1-1: Foul Ball, location: 2F 1-2: Strikes out swinging
|
Batting: LHB Lourens Aukema
|
0-0: Ball 1-0: Ball 2-0: Ball 3-0: Base on Balls
|
Batting: LHB David Coatney
|
0-0: Ball 1-0: Ball Lourens Aukema is caught stealing 2nd base 2-6
|
Bottom of the 7th over - 1 run, 1 hit, 0 errors, 0 left on base; Houston 2 - Portland 2 |
TOP OF THE 8TH |
Houston Colt .45's batting - Pitching for Portland Angels : LHP Jon Ray
|
Now in CF: Steve Neely
|
|
Batting: RHB Josh Reisner
|
0-0: SINGLE (Flyball, 8LS, EV 100.6 MPH)
|
Batting: LHB Vecdi Hodensack
|
0-0: Ball 1-0: Called Strike 1-1: Foul Ball, location: 2F 1-2: Foul Ball, location: 2F 1-2: Fly out, F7 (Flyball, 7LS, EV 84.4 MPH)
|
Batting: RHB Jamie Walker
|
0-0: Ball 1-0: Called Strike 1-1: Swinging Strike 1-2: Strikes out swinging
|
Batting: RHB Tim Williams
|
0-0: Ground out 5-3 (Groundball, 56S, EV 81.2 MPH)
|
Top of the 8th over - 0 runs, 1 hit, 0 errors, 1 left on base; Houston 2 - Portland 2 |
BOTTOM OF THE 8TH |
Portland Angels batting - Pitching for Houston Colt .45's : RHP Rory Mozer
|
Batting: LHB David Coatney
|
0-0: Ground out 5-3 (Groundball, 56, EV 78.1 MPH)
|
Batting: RHB Scott Webb
|
0-0: Swinging Strike 0-1: Foul Ball, location: 2F 0-2: Ball 1-2: Ball 2-2: Ground out 1-3 (Groundball, 15S, EV 70.6 MPH)
|
Batting: RHB Shawn Jansen
|
0-0: Ball 1-0: Ball 2-0: SINGLE (Line Drive, 89M, EV 105.0 MPH)
|
Batting: LHB Pavla Markianov
|
0-0: Ball 1-0: Foul Ball, location: 2F 1-1: Foul Ball, location: 2F 1-2: Ball 2-2: Ball 3-2: Foul Ball, location: 2F 3-2: SINGLE (Flyball, 78S, EV 94.4 MPH) Shawn Jansen to second Shawn Jansen to third
|
Batting: RHB Alex Rosaly
|
0-0: Ball Pickoff Throw by Catcher to First - Out!
|
Bottom of the 8th over - 0 runs, 2 hits, 0 errors, 1 left on base; Houston 2 - Portland 2 |
TOP OF THE 9TH |
Houston Colt .45's batting - Pitching for Portland Angels : LHP Jon Ray
|
Batting: RHB Fernando Acosta
|
0-0: Foul Ball, location: 2F 0-1: Ball 1-1: Fly out, F9 (Flyball, 9LS, EV 85.0 MPH)
|
Batting: RHB To-wai Chen
|
0-0: Swinging Strike 0-1: Swinging Strike 0-2: Ball 1-2: Ball 2-2: Ball 3-2: Strikes out swinging
|
Pinch Hitting: LHB Bob Neale
|
0-0: Foul Ball, location: 2F 0-1: Ball 1-1: Swinging Strike 1-2: Ball 2-2: SINGLE (Groundball, P, EV 85.6 MPH) (infield hit)
|
Pitching: RHP Chad Kraemer
|
|
Batting: RHB Bill Borden
|
0-0: Called Strike 0-1: 2-RUN HOME RUN (Flyball, 7D, EV 98.8 MPH), Distance : 386 ft
|
Batting: LHB Bert Middleton
|
0-0: Foul Ball, location: 2F 0-1: Swinging Strike 0-2: Foul Ball, location: 2F 0-2: Foul Ball, location: 2F 0-2: Strikes out swinging
|
Top of the 9th over - 2 runs, 2 hits, 0 errors, 0 left on base; Houston 4 - Portland 2 |
BOTTOM OF THE 9TH |
Portland Angels batting - Pitching for Houston Colt .45's : RHP Rory Mozer
|
Pitching: RHP Kenyu Tanaka
|
|
Now at C: David Sanchez
|
|
Batting: RHB Alex Rosaly
|
0-0: Swinging Strike 0-1: Ball 1-1: Foul Ball, location: 2F 1-2: Ball 2-2: Ball 3-2: Base on Balls
|
Pinch Hitting: LHB Jon Rahn
|
0-0: Called Strike 0-1: SINGLE (Line Drive, 7S, EV 107.5 MPH) Alex Rosaly to second
|
Batting: RHB Jose Garduno
|
0-0: Called Strike 0-1: Foul Ball, location: 2F 0-2: Ball 1-2: Foul Ball, location: 2F 1-2: Ball 2-2: SINGLE (Flyball, 89S, EV 93.8 MPH) Alex Rosaly to third Jon Rahn to second
|
Pinch Hitting: LHB Lupe Garcia
|
0-0: Called Strike 0-1: Swinging Strike 0-2: Ball 1-2: Ball Wild Pitch! Alex Rosaly scores Jon Rahn to third Jose Garduno to second 2-2: Ball 3-2: Base on Balls
|
Pinch Hitting: RHB Esteban Rangel
|
0-0: Foul Ball, location: 2F 0-1: SINGLE (Groundball, 4M, EV 94.4 MPH) Jon Rahn scores Jose Garduno to third Lupe Garcia to second Runner from 3rd tries for Home, SAFE, throw by CF to home
|
Bottom of the 9th over - 3 runs, 3 hits, 0 errors, 2 left on base; Houston 4 - Portland 5 |
|